 Dungeon Crawl Stone Soup version 0.22-a0-833-g8522bf8125 (webtiles) character file.

98 Fandomethor the Shield-Bearer (level 4, 0/42 HPs)
             Began as a Gargoyle Fighter on July 25, 2018.
             Killed from afar by an orc wizard (8 damage)
             ... with a magic dart
             ... on level 2 of the Dungeon.
             The game lasted 00:02:02 (1062 turns).

Fandomethor the Shield-Bearer (Gargoyle Fighter)    Turns: 1062, Time: 00:02:06

Health: 0/42       AC: 22    Str: 17 (20) XL:     4   Next: 69%
Magic:  4/4        EV:  2    Int:  8 (9)  God:
Gold:   73         SH:  9    Dex:  8 (9)  Spells: 3/3 levels left

rFire    . . .     SeeInvis .   n - +1 whip (pain)
rCold    . . .     Gourm    .   c - +0 shield
rNeg     + + +     Faith    .   (armour currently unavailable)
rPois    ∞         Spirit   .   (helmet currently unavailable)
rElec    .         Reflect  .   (cloak currently unavailable)
rCorr    .         Harm     .   (gloves currently unavailable)
MR       .....     NoTele   +   (boots currently unavailable)
Stlth    +.........             (no amulet)
HPRegen  0.14/turn              (no ring)
MPRegen  0.09/turn              (no ring)

@: tree-form, very slightly contaminated, slowed, invisible, very slow
A: negative energy resistance 1, petrification resistance, rot immunity, AC +3
a: no special abilities


You were on level 2 of the Dungeon.
You were not hungry.
You were a tree.
You visited 1 branch of the dungeon, and saw 2 of its levels.

You collected 73 gold pieces.

Inventory:

Hand Weapons
 n - a +1 whip of pain (weapon)
Armour
 c - a +0 shield (worn)
 j - a +0 chain mail (melded)
 l - a cursed +0 pair of boots (melded)
Scrolls
 e - 4 scrolls of teleportation {unknown}
 g - 2 scrolls of identify {unknown}
 m - a scroll of remove curse {unknown}
 o - a scroll of enchant weapon {unknown}
Potions
 d - a potion of might
 i - a potion of lignification
 k - a potion of heal wounds {unknown}
Comestibles
 f - 5 rations


   Skills:
 - Level 3.2 Fighting
 + Level 3.2 Maces & Flails
 + Level 4.2 Armour
 + Level 4.3 Shields


You had 3 spell levels left.
You didn't know any spells.
Your spell library was empty.

Dungeon Overview and Level Annotations

Branches:
Dungeon (2/15)

Altars:
Dithmenos
Yredelemnul


Innate Abilities, Weirdness & Mutations

You are resistant to torment.
((Your stone body is resilient. (AC +3)))
You are immune to poison.
You resist negative energy. (rN+)
((You are resistant to electric shocks. (rElec)))
((You can survive without breathing.))
You are immune to petrification.
You are immune to rotting.


Message History

The magic dart hits you!
The orc wizard hits you but does no damage.
The rat bites you but does no damage.
The orc wizard hits you but does no damage.
The rat bites you.
* * * LOW HITPOINT WARNING * * *
Unknown command.
You catch the helpless orc wizard completely off-guard!
You hit the orc wizard.
The orc wizard is almost dead.
The orc wizard is no longer moving quickly.
You block the rat's attack.
You hit the rat.
The rat is heavily wounded.
The rat bites you.
* * * LOW HITPOINT WARNING * * *
The rat bites you but does no damage.
The orc wizard points at you and mumbles some strange words.
The magic dart hits you!
You die...

#.........############
##....##...##........#
##.....#....#......>.#
#..#...#.##..........##
#####..#.####........#. ++###
##....# #.......... # ....#
#....###.......... #
....#########...............#
#####......).olr♣.o...#........)#
...........).lS##...........†....
.............#####.#..#####.##...
.<...##.##.....# #.##....##.##..#
.##...#.####...###.####.....##..#
###..............).####.##.......
###..............#...##..#.##....
.................#.#...#...#.....
.......)...........).............


You could see an orc wizard, an adder, an orc, 2 frilled lizards and a rat.

Vanquished Creatures
  An orc priest (D:2)
  A worker ant (D:2)
  An ooze (D:1)
  A dart slug (D:2)
  2 orcs (D:2)
  2 bats
  2 giant cockroaches (D:1)
  4 goblins
  8 hobgoblins
  2 jackals (D:2)
  8 kobolds
  3 frilled lizards
  A rat (D:1)
36 creatures vanquished.

Notes
Turn   | Place    | Note
-------+----------+-------------------------------------------
     0 | D:1      | Fandomethor the Gargoyle Fighter began the quest for the Orb.
     0 | D:1      | Reached XP level 1. HP: 14/14 MP: 1/1
   145 | D:1      | Reached XP level 2. HP: 19/19 MP: 2/2
   541 | D:1      | Reached XP level 3. HP: 23/23 MP: 3/3
   861 | D:2      | Reached XP level 4. HP: 24/28 MP: 4/4
   863 | D:2      | Found a shadowy altar of Dithmenos.
   863 | D:2      | Found a basalt altar of Yredelemnul.
  1062 | D:2      | Killed from afar by an orc wizard

Vault maps used:
D:1:      minmay_arrival_doors, serial_forest, infiniplex_forest_straight_3,
          infiniplex_forest_lined_3, infiniplex_forest_pool,
          infiniplex_forest_lined_2
D:2:      grunt_temple_overflow_open, kennysheep_generic_room_4

Skill      XL: |  1  2  3  4 |
---------------+-------------+-----
Shields        | 4 |  4.3
Armour         | 4 |  4.2
Maces & Flails | 3 |  3.2
Fighting       | |  3.2

Action                   |  1- 3 |  4- 6 || total
-------------------------+-------+-------++-------
Melee: Flail             |    87 |       ||    87
       Whip              |    41 |    42 ||    83
  Use: Potion            |       |     4 ||     4
 Stab: Invisible         |       |     1 ||     1
  Eat: Chunk             |       |     1 ||     1
Armor: Scale mail        |    47 |       ||    47
       Chain mail        |    35 |    23 ||    58
       Skin              |       |     9 ||     9
Dodge: Dodged            |    27 |     9 ||    36
Block: Shield            |    67 |    31 ||    98

Table legend:
 A = Spawn XP
 B = Non-spawn XP
 C = Spawn XP percentage of total XP
 D = Spawn monster count
 E = Non-spawn monster count
 F = Spawn count percentage of total count
 G = Total turns spent on level
                    A         B        C        D         E        F      G
               +---------+---------+-------+---------+---------+-------+---------
         Total |       0 |     140 |   0.0 |       0 |      36 |   0.0 |  1062
               +---------+---------+-------+---------+---------+-------+---------
           D:1 |       0 |      34 |   0.0 |       0 |      18 |   0.0 |   704
           D:2 |       0 |     106 |   0.0 |       0 |      18 |   0.0 |   358
               +---------+---------+-------+---------+---------+-------+---------
